 Dungeon Crawl Stone Soup version 0.31-a0-963-ga325b2283a (webtiles) character file.

Game seed: 13302225148647940626

184 croobank the Sneak (level 5, -5/47 HPs)
             Began as a Draconian Delver on Oct 25, 2023.
             Succumbed to a kobold brigand's poison
             ... in a sewer.
             The game lasted 00:03:44 (399 turns).

croobank the Sneak (Draconian Delver)                Turns: 399, Time: 00:03:44

Health: -5/47      AC:  5    Str: 15    XL:     5   Next: 36%
Magic:  5/5        EV: 12    Int: 12    God:
Gold:   40         SH:  0    Dex: 12    Spells: 4/4 levels left

rFire   . . .        b - +2 sling (elec)
rCold   . . .        (no shield)
rNeg    . . .        (body armour unavailable)
rPois   .            (helmet restricted)
rElec   .            (no cloak)
rCorr   .            (no gloves)
SInv    .            (no boots)
Will    .....        (no amulet)
Stlth   ++           (no ring)
HPRegen 0.27/turn    (no ring)
MPRegen 0.09/turn

%: no passive effects
@: mighty, lethally poisoned (-5 -> -20), slowed, very slow
A: AC +5, unfitting armour, cold-blooded
a: no special abilities


You were in a sewer.
You visited 1 branch of the dungeon, and saw 2 of its levels.
You also visited: Sewer.

You collected 40 gold pieces.

Inventory:

Hand Weapons
 a - a +0 short sword
 b - a +2 sling of electrocution (weapon)
Missiles
 l - 8 poisoned darts
Armour
 g - an orb of energy
Wands
 f - a wand of digging (3)
 j - a wand of charming (8)
Scrolls
 c - a scroll of revelation
 d - 2 scrolls of fear
 i - a scroll of identify
 k - a scroll of fog
Potions
 e - a potion of haste


   Skills:
 + Level 4.4 Fighting
 + Level 3.2 Short Blades
 + Level 3.0 Dodging
 + Level 5.2 Stealth


You had 4 spell levels left.
You didn't know any spells.
Your spell library was empty.

Dungeon Overview and Level Annotations

Branches:
Dungeon (5/15)              Sewer (1/1)
 Temple: D:4-7

Altars:


Innate Abilities, Weirdness & Mutations

Your plain brown scales are hard. (AC +5)
You cannot fit into any form of body armour.
You are cold-blooded and may be slowed by cold attacks.


Message History

You are lethally poisoned!
You have difficulty breathing.
You feel as though you will be slow longer.
You are too injured to fight recklessly!
You are too injured to fight recklessly!
You are too injured to fight recklessly!
You are too injured to fight recklessly!
You are too injured to fight recklessly!
It was a potion of might.
You feel very mighty all of a sudden.
* * * LOW HITPOINT WARNING * * *
You feel extremely sick.
The kobold brigand hits you but does no damage.
Aiming: Charm
Press: ? - help, Shift-Dir - straight line, f/p - kobold brigand
Aim: a kobold brigand, wielding a +0 dagger and quivering curare-tipped darts (severely wounded, chance to affect: 49%)
The kobold brigand is charmed.
* * * LOW HITPOINT WARNING * * *
You feel extremely sick.
The kobold brigand hits your kobold brigand with a +0 dagger.
As you read the scroll labelled ROMI EHERE, it crumbles to dust.
It is a scroll of identify.
You don't currently have any unidentified items.
* * * LOW HITPOINT WARNING * * *
You feel very sick.
Your kobold brigand splashes around in the water.
The kobold brigand hits your kobold brigand with a +0 dagger!
Your kobold brigand dies!
You hear a splash. x2
The kobold brigand throws a poisoned dart.
The poisoned dart hits you.
You are more poisoned.
Your Dodging skill increases to level 3!
Fire: b) +2 sling (elec)
Press: ? - help, Q - select action, (/) - cycle Shift-Dir - straight line, f - kobold brigand
Aim: a kobold brigand, wielding a +0 dagger and quivering poisoned darts (51% to hit)
You shoot a sling bullet.
The sling bullet hits the kobold brigand.
The kobold brigand is lightly wounded.
You die...

.~~.~~~.~~~.########~~)~~#####
..#####~~.~~# #####~~~~.# ~
##.~~.# ####### ##.~~# #.~~#
#.~.# ##~~~## #.~~~~# #~###@#
#~# #)# #~# #K# ~~~ ~~~ ~#~
~#~ #~ ~#~ ~# #~ ~#~ ~# #. .#


You could see a kobold brigand.

Vanquished Creatures
  A kobold brigand (Sewer)
  A hound (D:4)
  2 adders
  A river rat (D:4)
  2 endoplasms (Sewer)
  A giant cockroach (D:4)
  A kobold (Sewer)
  A quokka (D:4)
  2 ball pythons
  2 rats
14 creatures vanquished.

Vanquished Creatures (others)
  A kobold brigand (Sewer)
1 creature vanquished.

Grand Total: 15 creatures vanquished

Notes
Turn   | Place    | Note
-------+----------+-------------------------------------------
     0 | D:5      | croobank the Draconian Delver began the quest for the Orb.
     0 | D:5      | Reached XP level 1. HP: 19/19 MP: 1/1
    24 | D:5      | Reached XP level 2. HP: 22/26 MP: 2/2
   165 | D:4      | Reached XP level 3. HP: 28/33 MP: 3/3
   169 | D:4      | Noticed an ogre
   205 | D:4      | Found a glowing drain.
   226 | Sewer    | Entered a sewer
   304 | Sewer    | Noticed a kobold brigand
   313 | Sewer    | Killed a kobold brigand
   314 | Sewer    | Reached skill level 5 in Stealth
   314 | Sewer    | Reached XP level 4. HP: 33/40 MP: 4/4
   314 | Sewer    | Reached XP level 5. HP: 38/46 MP: 5/5
   398 | Sewer    | HP: 1/46 [poisoned by a kobold brigand (curare-tipped
                  | dart)]
   399 | Sewer    | Succumbed to a kobold brigand's poison

Illustrated notes

Levels and vault maps discovered:
D:4:      layout_loops_ring, kiku_gazebo_garden_becter,
          amethyst_overflow_temple_binary, gup_sewer_entry_bowl, uniq_natasha
D:5:      layout_rooms, minmay_temple_entry_stoned_glass, uniq_prince_ribbit1
Sewer:    sewer_co_tree

Skill      XL: |  1  2  3  4  5 |
---------------+----------------+-----
Dodging        | 2 3 |  3.0
Fighting       | 4 |  4.4
Short Blades   | 3 |  3.2
Stealth        | 5 |  5.2

Action                     |  1- 3 |  4- 6 || total
---------------------------+-------+-------++-------
  Melee: Short sword       |    21 |       ||    21
         Tailslap          |     2 |       ||     2
         Punch             |     1 |       ||     1
   Fire: Sling             |    32 |     8 ||    40
  Evoke: Wand              |       |     1 ||     1
    Use: Scroll            |       |     1 ||     1
         Potion            |       |     1 ||     1
   Stab: Sleeping          |     1 |       ||     1
 Armour: Skin              |    17 |     1 ||    18
  Dodge: Dodged            |    20 |     2 ||    22

Table legend: (Time is in decaauts)
 A = Elapsed time spent in this place.
 B = Non-inter-level travel time spent in this place.
 C = Inter-level travel time spent in this place.
 D = Time resting spent in this place.
 E = Time spent auto-exploring this place.
 F = Levels seen in this place.
 G = Mean time per level.
                   A        B        C        D        E       F      G
               +--------+--------+--------+--------+--------+-----+--------+
         Total |    458 |    458 |      0 |     33 |    171 |   3 |  152.7 |
       Dungeon |    232 |    232 |      0 |     33 |     73 |   2 |  116.0 |
         Sewer |    226 |    226 |      0 |      0 |     98 |   1 |  226.0 |
               +--------+--------+--------+--------+--------+-----+--------+

Top non-repeatable levels by time:
   Sewer: 226 daAuts
     D:4: 192 daAuts
     D:5: 40 daAuts
